 Dungeon Crawl Stone Soup version 0.25-a0-663-gace7076f2c (webtiles) character file.

Game seed: 5973846914221975597, levelgen mode: deterministic

222 CryoSword the Ogre Mage (level 5, 0/50 HPs)
             Began as an Ogre Wizard on Mar 23, 2020.
             Slain by an ice beast (10 damage)
             ... on level 4 of the Dungeon on Mar 24, 2020.
             The game lasted 00:18:14 (5864 turns).

CryoSword the Ogre Mage (Ogre Wizard)               Turns: 5864, Time: 00:18:15

Health: 0/50       AC:  3    Str: 11    XL:     5   Next: 99%
Magic:  2/12       EV: 10    Int: 20    God:
Gold:   225        SH:  0    Dex:  7    Spells: 3/13 levels left

rFire    . . .     SeeInvis .   e - -3 hand axe (curse)
rCold    . . .     Gourm    .   (no shield)
rNeg     . . .     Faith    .   a - +0 robe
rPois    .         Spirit   .   b - +0 hat
rElec    .         Reflect  .   (no cloak)
rCorr    .         Harm     .   (gloves unavailable)
MR       .....                  (boots unavailable)
Stlth    +.........             (no amulet)
HPRegen  0.16/turn              (no ring)
MPRegen  0.13/turn              (no ring)

@: no status effects
A: large, unfitting armour, tough skin 1
a: no special abilities


You were on level 4 of the Dungeon.
You were not hungry.

You visited 1 branch of the dungeon, and saw 4 of its levels.

You collected 225 gold pieces.

Inventory:

Hand Weapons
 e - a cursed -3 hand axe (weapon)
   (You found it on level 1 of the Dungeon)
 h - a +0 hunting sling
   (You took it off a goblin on level 2 of the Dungeon)
 j - a +0 whip of flaming
   (You took it off a goblin on level 1 of the Dungeon)
 t - a +0 war axe
   (You found it on level 3 of the Dungeon)
 u - a +2 mace of protection
   (You took it off an orc priest on level 3 of the Dungeon)
Missiles
 k - 137 stones
 n - 44 sling bullets
 v - 18 poisoned darts
 w - 4 boomerangs (quivered)
Armour
 a - a +0 robe (worn)
 b - a +0 hat (worn)
 c - a +1 cloak
   (You found it on level 4 of the Dungeon)
Scrolls
 f - 2 scrolls of teleportation {@r4}
Potions
 g - 2 potions of haste {@q3}
 i - a potion of brilliance {unknown}
 m - a potion of mutation {unknown}
 o - a potion of curing {unknown}
 r - 2 potions of lignification {unknown}
 s - 3 potions of stabbing {unknown}
Comestibles
 d - 4 rations {!d}
 l - 5 chunks of flesh


   Skills:
 + Level 2.5 Fighting
 + Level 2.6 Dodging
 - Level 1.4 Stealth
 + Level 4.6 Spellcasting
 - Level 2.0 Conjurations
 - Level 1.1 Hexes
 * Level 2.1 Summonings
 - Level 1.5 Translocations


You had 3 spell levels left.
You knew the following spells:

 Your Spells              Type           Power        Failure   Level  Hunger
a - Magic Dart            Conj           ##..         5%          1    None
b - Call Imp              Summ           ##......     8%          2    #......
c - Blink                 Tloc           N/A          10%         2    #......
d - Slow                  Hex            #.......     12%         2    #......
e - Mephitic Cloud        Conj/Pois/Air  #.......     26%         3    ##.....

Your spell library contained the following spells:

 Spells                   Type           Power        Failure   Level  Hunger
 Conjure Flame            Conj/Fire      #.......     24%         3    ##.....


Dungeon Overview and Level Annotations

Branches:
Dungeon (4/15)
 Temple: D:4-7

Altars:


Innate Abilities, Weirdness & Mutations

You are too large for most types of armour.
You have tough skin. (AC +1)


Message History

Confirm with . or Enter, or press ? or * to list all spells.
A beastly little devil appears in a puff of flame.
Casting: Call Imp (safe; 8% risk of failure)
Confirm with . or Enter, or press ? or * to list all spells.
A beastly little devil appears in a puff of flame.
Your shadow imp disappears in a puff of smoke!
Your crimson imp blinks!
Your crimson imp hits the ice beast.
The ice beast barely misses your crimson imp.
Your crimson imp hits the ice beast but does no damage. x2
The ice beast hits your crimson imp. The ice beast freezes your crimson imp!
Your crimson imp is frozen!
Your crimson imp hits the ice beast. x2
Your crimson imp hits the ice beast but does no damage.
Your crimson imp hits the ice beast.
Your magical contamination has completely faded away.
Casting: Call Imp (safe; 8% risk of failure)
Confirm with . or Enter, or press ? or * to list all spells.
Aiming: Magic Dart (safe; 5% risk of failure)
Press: ? - help, Shift-Dir - straight line, f - ice beast
Aim: an ice beast (moderately wounded)
The magic dart hits the ice beast but does no damage.
The ice beast is moderately wounded.
Your crimson imp barely misses the ice beast.
Your crimson imp blinks!
Your crimson imp blinks!
There is a stone staircase leading up here.
You barely miss the ice beast.
The ice beast is moderately wounded.
Your crimson imp barely misses the ice beast.
Your white imp hits the ice beast but does no damage.
The ice beast hits you but does no damage.
You closely miss the ice beast.
The ice beast is moderately wounded.
Your crimson imp hits the ice beast but does no damage.
Your white imp hits the ice beast but does no damage.
The ice beast hits you. The ice beast freezes you!
Your crimson imp hits the ice beast but does no damage.
Your white imp hits the ice beast.
Your white imp freezes the ice beast.
The ice beast completely resists.
Your white imp disappears in a puff of smoke!
Your crimson imp hits the ice beast.
The ice beast barely misses you.
Casting: Magic Dart (safe; 5% risk of failure)
Confirm with . or Enter, or press ? or * to list all spells.
You blink.
Your crimson imp hits the ice beast.
Throwing (i - inventory. (/) - cycle)
v - 25 poisoned darts (quivered)
Press: ? - help, Shift-Dir - straight line, f/p - ice beast
Aim: an ice beast (severely wounded) Really fire in your crimson imp's direction?
You throw a poisoned dart. The poisoned dart hits the ice beast.
The ice beast is severely wounded.
Your crimson imp blinks!
Throwing (i - inventory. (/) - cycle)
v - 24 poisoned darts (quivered)
Press: ? - help, Shift-Dir - straight line, f/p - ice beast
Aim: an ice beast (severely wounded) Really fire in your crimson imp's direction?
You throw a poisoned dart. The poisoned dart hits the ice beast.
The ice beast is severely wounded.
Your crimson imp blinks!
Throwing (i - inventory. (/) - cycle)
v - 23 poisoned darts (quivered)
Press: ? - help, Shift-Dir - straight line, f/p - ice beast
Aim: an ice beast (severely wounded)
You throw a poisoned dart.
The poisoned dart closely misses the ice beast.
Throwing (i - inventory. (/) - cycle)
v - 22 poisoned darts (quivered)
Press: ? - help, Shift-Dir - straight line, f/p - ice beast
Aim: an ice beast (severely wounded)
You throw a poisoned dart.
The poisoned dart closely misses the ice beast.
Your crimson imp hits the ice beast but does no damage.
There is a stone staircase leading up, spattered with blood here.
Casting: Blink (safe; 10% risk of failure)
Confirm with . or Enter, or press ? or * to list all spells.
A beastly little devil appears in a puff of frigid air.
The ice beast barely misses you.
Unknown command.
Your white imp hits the ice beast but does no damage.
You hit the ice beast but do no damage.
The ice beast is heavily wounded.
Your crimson imp misses the ice beast.
The ice beast hits you. The ice beast freezes you.
Your white imp barely misses the ice beast.
Your crimson imp blinks!
Your white imp hits the ice beast but does no damage.
The ice beast hits you but does no damage.
Throwing (i - inventory. (/) - cycle)
v - 21 poisoned darts (quivered)
Press: ? - help, Shift-Dir - straight line, f/p - ice beast
Aim: an ice beast (heavily wounded)
You throw a poisoned dart.
The poisoned dart closely misses the ice beast.
Your crimson imp blinks!
Your white imp hits the ice beast but does no damage.
The ice beast barely misses you.
Your crimson imp blinks!
Your white imp closely misses the ice beast.
Throwing (i - inventory. (/) - cycle)
v - 20 poisoned darts (quivered)
Press: ? - help, Shift-Dir - straight line, f/p - ice beast
Aim: an ice beast (heavily wounded)
You throw a poisoned dart.
The poisoned dart closely misses the ice beast.
Throwing (i - inventory. (/) - cycle)
v - 19 poisoned darts (quivered)
Press: ? - help, Shift-Dir - straight line, f/p - ice beast
Aim: an ice beast (heavily wounded)
You throw a poisoned dart. The poisoned dart hits the ice beast.
The ice beast is heavily wounded.
The ice beast completely misses you.
Your white imp barely misses the ice beast.
Press: ? - help, v - describe, . - travel, g - get item
Here: an ice beast (heavily wounded)
A poisoned dart.
The floor.
Quiver which item? (- for none, * to show all) (? for menu, Esc to quit)
Quivering
w - 4 boomerangs for throwing.
Throwing (i - inventory. (/) - cycle)
w - 4 boomerangs (quivered)
Press: ? - help, Shift-Dir - straight line, f/p - ice beast
Aim: an ice beast (heavily wounded)
You throw a boomerang.
The boomerang barely misses the ice beast.
The ice beast hits you but does no damage.
Your white imp barely misses the ice beast.
The ice beast hits you. The ice beast freezes you!
* * * LOW HITPOINT WARNING * * *
Throwing (i - inventory. (/) - cycle)
w - 4 boomerangs (quivered)
Press: ? - help, Shift-Dir - straight line, f/p - ice beast
Aim: an ice beast (heavily wounded)
You throw a boomerang. The boomerang hits the ice beast.
The ice beast is heavily wounded.
Your white imp hits the ice beast but does no damage.
The ice beast closely misses your white imp.
Your crimson imp hits the ice beast.
Throwing (i - inventory. (/) - cycle)
w - 4 boomerangs (quivered)
Press: ? - help, Shift-Dir - straight line, f/p - ice beast
Aim: an ice beast (severely wounded)
You throw a boomerang.
The boomerang barely misses the ice beast.
Your white imp hits the ice beast but does no damage.
The ice beast hits your white imp but does no damage.
Your crimson imp barely misses the ice beast.
Your white imp misses the ice beast.
Throwing (i - inventory. (/) - cycle)
w - 4 boomerangs (quivered)
Press: ? - help, Shift-Dir - straight line, f/p - ice beast
Aim: an ice beast (severely wounded)
You throw a boomerang. The boomerang hits the ice beast.
The ice beast is severely wounded.
The ice beast hits you.
* * * LOW HITPOINT WARNING * * *
The ice beast freezes you!
You die...

...#.....#############.#######.#.
##.÷...........5..5....(.......#.
......####....#######..####......
##..### ####..#####........####.
##.# #######<...##.##.##### ##
#..# #.....#...>........# ##..#
..............#..#.### #...##
>...<....5Y5..##.....# #.#..#
.......÷.@(...#......# #.##.#
..............#.##....# #.##.#
..........<(....#####..# ......
.$............### .##
...†...!............## #
...................##
.........########### .Y......#


You could see an ice beast, a friendly crimson imp and a friendly white imp.

Vanquished Creatures
  A hound (D:4)
  A bullfrog skeleton (D:4)
  A worker ant (D:4)
  3 gnolls
  An adder (D:3)
  A dart slug (D:2)
  A leopard gecko (D:4)
  An orc (D:3)
  7 bats
  3 giant cockroaches
  3 goblins
  4 hobgoblins
  5 jackals
  2 kobolds (D:1)
  5 quokkas
  3 rats
42 creatures vanquished.

Vanquished Creatures (collateral kills)
  An orc priest (D:3)
  A hound (D:4)
  A worker ant (D:3)
  2 adders
  A gnoll (D:2)
  4 worms
  A leopard gecko (D:2)
  2 orcs
  A ball python (D:3)
  A hobgoblin (D:3)
  4 jackals
19 creatures vanquished.

Grand Total: 61 creatures vanquished

Notes
Turn   | Place    | Note
-------+----------+-------------------------------------------
     0 | D:1      | CryoSword the Ogre Wizard began the quest for the Orb.
     0 | D:1      | Reached XP level 1. HP: 16/16 MP: 5/5
    89 | D:1      | Reached skill level 1 in Conjurations
   431 | D:1      | Reached XP level 2. HP: 26/26 MP: 1/6
   435 | D:1      | Learned a level 2 spell: Call Imp
   459 | D:1      | Learned a level 2 spell: Blink
   462 | D:1      | Learned a level 2 spell: Slow
  1005 | D:1      | Reached skill level 1 in Fighting
  1086 | D:1      | Reached skill level 4 in Spellcasting
  1372 | D:1      | Reached XP level 3. HP: 27/33 MP: 1/8
  2580 | D:2      | Reached XP level 4. HP: 29/42 MP: 3/10
  3143 | D:3      | Reached skill level 1 in Summonings
  3281 | D:2      | Reached skill level 1 in Translocations
  4046 | D:2      | HP: 2/42 [poisoned by an orc]
  4653 | D:3      | Reached XP level 5. HP: 30/49 MP: 6/11
  5116 | D:3      | Reached skill level 1 in Hexes
  5317 | D:4      | Learned a level 3 spell: Mephitic Cloud
  5769 | D:4      | Noticed an ice beast
  5864 | D:4      | Slain by an ice beast

Levels and vault maps discovered:
D:1:      scummos_arrival_simple_fountains, layout_basic
D:2:      layout_rooms
D:3:      layout_rooms
D:4:      layout_rooms, grunt_ministairs_5

Skill      XL: |  1  2  3  4  5 |
---------------+----------------+-----
Conjurations   | 1 2 |  2.0
Dodging        | 2 |  2.6
Fighting       | 1 2 |  2.5
Spellcasting   | 4 |  4.6
Summonings     | 1 2 |  2.1
Translocations | 1 |  1.5
Hexes          | 1 |  1.1
Stealth        | |  1.4

Action                   |  1- 3 |  4- 6 || total
-------------------------+-------+-------++-------
Melee: Unarmed           |    13 |       ||    13
       Hand axe          |    56 |    31 ||    87
Throw: Dart              |    17 |    29 ||    46
       Boomerang         |       |     4 ||     4
 Cast: Magic Dart        |    54 |    75 ||   129
       Call Imp          |    16 |    41 ||    57
       Blink             |       |     2 ||     2
  Use: Scroll            |     3 |     6 ||     9
       Potion            |       |     1 ||     1
  Eat: Chunk             |     5 |    11 ||    16
Armor: Robe              |    32 |    45 ||    77
Dodge: Dodged            |    75 |    80 ||   155

Table legend:
 A = Non-vault XP
 B = Vault XP
 C = Vault XP percentage of total XP
 D = Non-vault monster count
 E = Vault monster count
 F = Vault count percentage of total count
                 A         B        C        D         E       F
            +---------+---------+-------+---------+---------+-------
      Total |     318 |       0 |   0.0 |      61 |       0 |   0.0
            +---------+---------+-------+---------+---------+-------
        D:1 |      39 |       0 |   0.0 |      13 |       0 |   0.0
        D:2 |      66 |       0 |   0.0 |      23 |       0 |   0.0
        D:3 |      85 |       0 |   0.0 |      15 |       0 |   0.0
        D:4 |     128 |       0 |   0.0 |      10 |       0 |   0.0
            +---------+---------+-------+---------+---------+-------
